 Dungeon Crawl Stone Soup version 0.26.1-11-gd32895ea62 (webtiles) character file.

Game seed: 10857168248868595278

179 Zeld the Slasher (level 5, 7/38 HPs)
             Began as a Human Gladiator on June 5, 2021.
             Quit the game on level 3 of the Dungeon.
             The game lasted 00:02:32 (2823 turns).

Zeld the Slasher (Human Gladiator)                  Turns: 2823, Time: 00:02:33

Health: 7/38       AC:  6    Str: 16    XL:     5   Next: 90%
Magic:  5/5        EV: 13    Int:  8    God:
Gold:   105        SH:  0    Dex: 14    Spells: 4/4 levels left

rFire    . . .     SeeInvis .   a - +0 long sword
rCold    . . .     Faith    .   (no shield)
rNeg     . . .     Spirit   .   b - +0 leather armour
rPois    .         Reflect  .   g - +2 helmet
rElec    .         Harm     .   (no cloak)
rCorr    .         Rampage  .   (no gloves)
Will     .....                  (no boots)
Stlth    +.........             (no amulet)
HPRegen  0.12/turn              (no ring)
MPRegen  0.09/turn              (no ring)

@: lethally poisoned (7 -> -4)
A: no striking features
a: no special abilities


You were on level 3 of the Dungeon.
You visited 1 branch of the dungeon, and saw 3 of its levels.

You collected 105 gold pieces.

Inventory:

Hand Weapons
 a - a +0 long sword (weapon)
Missiles
 d - 3 throwing nets
 j - 5 poisoned darts (quivered)
Armour
 b - a +0 leather armour (worn)
 g - a +2 helmet (worn)
Scrolls
 c - a scroll of magic mapping {unknown}
 e - 2 scrolls of remove curse {unknown}
 f - a scroll of enchant armour {unknown}
 h - 4 scrolls of identify {unknown}
 l - 2 scrolls of teleportation {unknown}
Potions
 i - a potion of resistance {unknown}
 k - a potion of might {unknown}
 m - a potion of lignification {unknown}
 n - a potion of ambrosia {unknown}


   Skills:
 - Level 2.0 Fighting
 * Level 6.1 Long Blades
 - Level 2.0 Throwing
 - Level 3.0 Dodging


You had 4 spell levels left.
You didn't know any spells.
Your spell library was empty.

Dungeon Overview and Level Annotations

Branches:
Dungeon (3/15)

Altars:
Fedhas
Gozag

Annotations:
D:2 1 exclusion


Message History

The adder is moderately wounded.
You feel sick. The adder bites you but does no damage.
The adder closely misses you.
You hit the adder.
The adder is severely wounded.
* * * LOW HITPOINT WARNING * * *
You feel sick. The adder barely misses you.
You riposte.
You barely miss the adder.
The adder is severely wounded.
You slash the adder!
You kill the adder!
* * * LOW HITPOINT WARNING * * *
You feel sick.
The hobgoblin throws a poisoned dart.
The poisoned dart closely misses you.
The hobgoblin throws a poisoned dart.
The poisoned dart barely misses you.
* * * LOW HITPOINT WARNING * * *
You feel sick. The hobgoblin hits you.
* * * LOW HITPOINT WARNING * * *
Unknown command.
Are you sure you want to abandon this character and quit the game? (Confirm with "yes".)

###..# #....# #...... ##
###..### #..... .###
#...## #....###...##.
#.#.# #....#........
#...######....#........
###..##..)...............
##...().(#####.###........
#..########(....@gK.......
..######....#..###(.......
....##...)....## #........
......†##.................
....#####...##############
....# #...# ....# #...#
##### #####


You could see a hobgoblin and a kobold.

Vanquished Creatures
  An orc wizard (D:2)
  7 adders
  3 worms (D:2)
  4 leopard geckos
  2 orcs (D:2)
  A ball python (D:2)
  9 bats
  7 giant cockroaches
  10 goblins
  3 hobgoblins
  4 jackals (D:1)
  2 quokkas
  3 frilled lizards (D:1)
  8 kobolds
  5 rats
69 creatures vanquished.

Notes
Turn   | Place    | Note
-------+----------+-------------------------------------------
     0 | D:1      | Zeld the Human Gladiator began the quest for the Orb.
     0 | D:1      | Reached XP level 1. HP: 16/16 MP: 1/1
   291 | D:1      | Reached XP level 2. HP: 22/22 MP: 2/2
   532 | D:1      | Reached skill level 4 in Long Blades
   532 | D:1      | Reached XP level 3. HP: 13/27 MP: 3/3
  1256 | D:2      | Reached XP level 4. HP: 13/33 MP: 4/4
  1619 | D:2      | Found a blossoming altar of Fedhas.
  1620 | D:2      | Found an opulent altar of Gozag.
  1745 | D:2      | Reached skill level 5 in Long Blades
  1745 | D:2      | Reached XP level 5. HP: 29/38 MP: 5/5
  2504 | D:3      | Reached skill level 6 in Long Blades
  2823 | D:3      | Quit the game

Illustrated notes

Levels and vault maps discovered:
D:1:      sevenhm_arrival_forest_fort_large_2, layout_loops_cross
D:2:      layout_loops_ring, gammafunk_temple_overflow_pools,
          due_unseen_surprise
D:3:      layout_rooms, overflow_temple_1_default, uniq_robin

Skill      XL: |  1  2  3  4  5 |
---------------+----------------+-----
Long Blades    | 4 5 6 |  6.1
Fighting       | |  2.0
Throwing       | |  2.0
Dodging        | |  3.0

Action                   |  1- 3 |  4- 6 || total
-------------------------+-------+-------++-------
Melee: Long sword        |    94 |   122 ||   216
Armor: Leather armour    |    44 |    42 ||    86
Dodge: Dodged            |   112 |    93 ||   205
       Rpst.: Long sword |    32 |    20 ||    52
